 Dungeon Crawl Stone Soup version 0.26-a0-663-g36e8fdb655 (webtiles) character file.

Game seed: 10030364467715553343

1899 jasper the Chopper (level 9, -6/106 HPs)
             Began as a Formicid Abyssal Knight on Oct 10, 2020.
             Was a Priest of Lugonu.
             Killed from afar by Maurice (21 damage)
             ... with a bolt of acid
             ... on level 8 of the Dungeon.
             The game lasted 00:10:39 (10270 turns).

jasper the Chopper (Formicid Abyssal Knight)       Turns: 10270, Time: 00:10:40

Health: -6/106     AC: 16    Str: 19    XL:     9   Next: 38%
Magic:  13/13      EV:  2    Int: 13    God:    Lugonu [***...]
Gold:   0          SH:  0    Dex: 10    Spells: 8/8 levels left

rFire    . . .     SeeInvis .   r - +3 short sword (venom)
rCold    . . .     Faith    .   (no shield)
rNeg     + + +     Spirit   .   (armour currently unavailable)
rPois    +         Reflect  .   (helmet unavailable)
rElec    .         Harm     .   (cloak currently unavailable)
rCorr    .         Rampage  .   (gloves currently unavailable)
MR       +....                  (boots currently unavailable)
Stlth    +.........             I - amulet of inaccuracy
HPRegen  0.27/turn              j - ring of protection from magic
MPRegen  0.13/turn              (no ring)

@: tree-form, corroded, heavily drained
A: permanent stasis, dig shafts and tunnels, four strong arms
a: Depart the Abyss, Bend Space, Banish, Renounce Religion


You were on level 8 of the Dungeon.
You worshipped Lugonu.
Lugonu was most pleased with you.
You were a tree.
You visited 1 branch of the dungeon, and saw 8 of its levels.
You visited the Abyss 1 time.

You collected 63 gold pieces.
You spent 63 gold pieces at shops.

Inventory:

Hand Weapons
 a - a +1 hand axe
 i - a +2 dagger of venom
 r - a +3 short sword of venom (weapon)
 N - a +4 battleaxe
Missiles
 d - 183 stones
 f - 27 poisoned darts (quivered)
Armour
 b - a +0 leather armour
 g - a +0 ring mail
 o - a +0 chain mail (melded)
 q - a +0 pair of gloves (melded)
 s - a cursed +0 chain mail
 C - a +0 cloak (melded)
Jewellery
 j - a ring of protection from magic (left branch)
 I - an amulet of inaccuracy (around neck)
Wands
 n - a wand of flame (9)
 p - a wand of digging (6)
 x - a wand of disintegration (3)
Scrolls
 h - 5 scrolls of teleportation
 k - 2 scrolls of random uselessness {unknown}
 m - a scroll of remove curse
 u - a scroll of blinking {unknown}
 w - 5 scrolls of identify {unknown}
 y - 4 scrolls of enchant armour {unknown}
 B - a scroll of noise {unknown}
 E - a scroll of fog {unknown}
 H - a scroll of magic mapping {unknown}
 J - a scroll of brand weapon {unknown}
 K - a scroll of vulnerability {unknown}
 L - a scroll of amnesia {unknown}
Potions
 e - a potion of haste {unknown}
 l - 4 potions of flight {unknown}
 t - a potion of degeneration
 z - a potion of stabbing {unknown}
 D - a potion of brilliance {unknown}
 F - a potion of magic {unknown}


   Skills:
 + Level 6.4(5.1) Fighting
 * Level 7.8(6.4) Axes
 + Level 5.9(4.6) Armour
 - Level 0.8(0.0) Dodging
 + Level 6.4(5.1) Invocations


You had 8 spell levels left.
You didn't know any spells.
Your spell library contained the following spells:

 Spells                   Type           Power        Failure   Level
 Animate Skeleton         Necr           #.....       30%         1
 Apportation              Tloc           #.....       30%         1
 Beastly Appendage        Tmut           #.....       30%         1
 Corona                   Hex            #......      30%         1
 Summon Small Mammal      Summ           #...         30%         1
 Wereblood                Tmut           #.......     43%         2
 Spider Form              Tmut/Pois      #.........   67%         3
 Ice Form                 Ice/Tmut       #.......     97%         4
 Blade Hands              Tmut           #.........   100%        5


Dungeon Overview and Level Annotations

Branches:
Dungeon (8/15)             Temple (0/1) D:4
   Lair: D:8-11

Altars:
Cheibriados
Dithmenos
Fedhas
Gozag
Nemelex Xobeh
Sif Muna
Yredelemnul
Zin

Shops:
D:5 [

Annotations:
D:8 Maurice


Innate Abilities, Weirdness & Mutations

You cannot be hasted, slowed, berserked, paralysed or teleported.
You can dig through walls and to a lower floor.
Your four strong arms can wield two-handed weapons with a shield.
((You have a pair of large antennae on your head. (SInv)))


Message History

Your +0 chain mail melds into your body.
Your roots penetrate the ground.
You now have 52/106 hp.
You start resting.
There is a strange disturbance nearby!
Deactivating autopickup; reactivate with Ctrl-A.
You closely miss something. Something hits you but does no damage.
You barely miss something.
You hear a zap.
A bolt of acid appears from out of thin air!
The bolt of acid hits you!!
* * * LOW HITPOINT WARNING * * *
The acid corrodes you!
You are splashed with acid!
* * * LOW HITPOINT WARNING * * *
You take 37 damage, and have 15/106 hp.
MASSIVE DAMAGE!!
You hit something but do no damage.
You hear a zap.
A bolt of acid appears from out of thin air!
The bolt of acid hits you!!
You die...

...##...#.##.#..##.#
.......##.##.#..(..
.............#.###.#
.......##.##@#.###.#
.......##.##.......#
....#.###.....<#####
#..##.# ####{###
......# #..#### .#
##.#.#♣# ##.###
##..##~## .....#
#.#.#### .....#
##...# .....# ....#
.....# #...## .....#
##.## W##### #§#
W### .#


There were no monsters in sight!

Vanquished Creatures
  Duvessa (D:5)
  A sky beast (D:6)
  2 ogres
  A centaur (D:8)
  Blork the orc (D:6)
  A bullfrog (D:6)
  A wyvern zombie (D:6)
  Dowan (D:5)
  2 scorpions (D:6)
  A water moccasin skeleton (D:7)
  3 wights
  A howler monkey (D:5)
  5 hounds
  A gnoll shaman (D:7)
  3 orc priests
  A jelly (D:5)
  A bullfrog skeleton (D:5)
  3 orc wizards
  4 iguanas
  2 worker ants (D:5)
  2 howler monkey skeletons (D:6)
  5 adders
  4 gnolls (D:7)
  2 white imps
  An ufetubus (D:6)
  2 adder zombies
  2 adder skeletons
  A dart slug (D:1)
  4 leopard geckos
  25 orcs
  2 ball pythons (D:2)
  9 bats
  A giant cockroach (D:6)
  10 goblins
  6 hobgoblins
  22 jackals
  2 quokkas
  2 frilled lizards (D:2)
  A giant cockroach zombie (D:6)
  4 kobolds
  6 rats
149 creatures vanquished.

Vanquished Creatures (others)
  4 withered plants (D:7)
4 creatures vanquished.

Grand Total: 153 creatures vanquished

Notes
Turn   | Place    | Note
-------+----------+-------------------------------------------
     0 | Abyss:1  | jasper the Formicid Abyssal Knight began the quest for the
                  | Orb.
     0 | Abyss:1  | Reached XP level 1. HP: 18/18 MP: 2/2
    30 | Abyss:1  | Noticed a ynoxinul
    30 | D:1      | Escaped the Abyss
   272 | D:1      | Reached * piety under Lugonu
   370 | D:1      | Reached XP level 2. HP: 24/24 MP: 3/3
   982 | D:2      | Reached skill level 3 in Axes
   988 | D:2      | Reached XP level 3. HP: 22/29 MP: 4/4
  1116 | D:2      | Reached XP level 4. HP: 17/35 MP: 5/5
  1531 | D:2      | You fall into a shaft and drop 1 floor!
  1900 | D:3      | Found a snail-covered altar of Cheibriados.
  1900 | D:3      | Found an opulent altar of Gozag.
  2120 | D:2      | Reached XP level 5. HP: 42/42 MP: 7/7
  2140 | D:2      | Reached ** piety under Lugonu
  3101 | D:4      | Reached skill level 4 in Axes
  3104 | D:4      | Reached XP level 6. HP: 38/48 MP: 8/8
  3296 | D:4      | Found a staircase to the Ecumenical Temple.
  3324 | D:4      | Found a glowing silver altar of Zin.
  3477 | D:4      | Noticed an ogre
  3485 | D:4      | You fall into a shaft and drop 1 floor!
  3485 | D:5      | Entered Level 5 of the Dungeon
  3599 | D:5      | Found Xuemu's Armour Shoppe.
  3633 | D:5      | Bought a +0 cloak for 63 gold pieces
  3688 | D:5      | Reached XP level 7. HP: 43/55 MP: 9/9
  3727 | D:5      | Reached skill level 5 in Axes
  4039 | D:5      | Found a blossoming altar of Fedhas.
  4365 | D:5      | Noticed Duvessa
  4365 | D:5      | Noticed Dowan
  4377 | D:5      | Killed Duvessa
  4380 | D:5      | Killed Dowan
  4380 | D:5      | Reached skill level 5 in Fighting
  4876 | D:5      | Reached XP level 8. HP: 62/62 MP: 11/11
  5189 | D:6      | Reached skill level 6 in Axes
  5189 | D:6      | Reached skill level 5 in Invocations
  5471 | D:6      | Noticed Blork the orc
  5494 | D:6      | Killed Blork the orc
  6175 | D:6      | Reached skill level 5 in Armour
  6181 | D:6      | Reached *** piety under Lugonu
  6863 | D:6      | Reached skill level 7 in Axes
  7214 | D:7      | Reached XP level 9. HP: 47/69 MP: 13/13
  7396 | D:7      | Found a basalt altar of Yredelemnul.
  7485 | D:7      | Found a sparkling altar of Nemelex Xobeh.
  7691 | D:7      | Found a shadowy altar of Dithmenos.
  9094 | D:8      | Found a shimmering blue altar of Sif Muna.
  9823 | D:8      | Noticed Maurice
 10270 | D:8      | Killed from afar by Maurice

Illustrated notes

Levels and vault maps discovered:
D:1:      zelgadis_glass_arrival_small, layout_basic
D:2:      layout_rooms
D:3:      layout_basic, gammafunk_temple_overflow_elements
D:4:      layout_loops_ring, grunt_temple_overflow_champion_of_chaos,
          overflow_temple_1_default, marbit_many_paths, kennysheep_mini,
          minmay_temple_entry_glassed_door, gammafunk_ghost_grave,
          kennysheep_generic_room_14
D:5:      layout_loops_ring, old_standard_altar, serial_shops, shop,
          uniq_crazy_yiuf_cottage, uniq_duvessa
D:6:      layout_layer_cave, minmay_misc_feat_secret_circle,
          minmay_diced_spiral, uniq_blork_the_orc
D:7:      layout_basic, yredelemnul_altar_generic,
          nemelex_xobeh_ov_fountains_minmay, nicolae_dithmenos_shadow_blocks
D:8:      layout_loops_cross, lemuel_crystal_altar, kennysheep_okawaru_gauntlet,
          uniq_maurice

Skill      XL: |  1  2  3  4  5  6  7  8  9 |
---------------+----------------------------+-----
Axes           | 3 4 5 7 |  7.8
Invocations    | 3 4 5 6 |  6.4
Armour         | 3 4 5 |  5.9
Fighting       | 4 5 6 |  6.4
Dodging        | |  0.8

Action                   |  1- 3 |  4- 6 |  7- 9 || total
-------------------------+-------+-------+-------++-------
Melee: Hand axe          |    18 |       |    18 ||    36
       Dagger            |    45 |    61 |       ||   106
       Short sword       |       |    88 |   270 ||   358
       Battleaxe         |       |       |    22 ||    22
 Fire: Hunting sling     |       |    51 |    95 ||   146
Throw: Dart              |     7 |       |     1 ||     8
Invok: Depart the Abyss  |     1 |       |       ||     1
       Banish            |       |       |     1 ||     1
 Abil: Shaft Self        |       |     1 |       ||     1
       Dig               |       |       |     2 ||     2
Evoke: Wand              |       |       |     2 ||     2
  Use: Scroll            |       |     2 |     1 ||     3
       Potion            |       |       |    11 ||    11
Armor: Leather armour    |     6 |       |       ||     6
       Ring mail         |    31 |    19 |       ||    50
       Chain mail        |       |    97 |   267 ||   364
       Skin              |       |       |    38 ||    38
Dodge: Dodged            |    41 |    77 |   140 ||   258

Table legend: (Time is in decaauts)
 A = Elapsed time spent in this place.
 B = Non-inter-level travel time spent in this place.
 C = Inter-level travel time spent in this place.
 D = Time resting spent in this place.
 E = Time spent auto-exploring this place.
 F = Levels seen in this place.
 G = Mean time per level.
                   A        B        C        D        E       F      G
               +--------+--------+--------+--------+--------+-----+--------+
         Total |  10336 |  10057 |    279 |   2397 |   6243 |   9 | 1148.4 |
       Dungeon |  10306 |  10027 |    279 |   2397 |   6213 |   8 | 1288.2 |
         Abyss |     30 |     30 |      0 |      0 |     30 |   1 |   30.0 |
               +--------+--------+--------+--------+--------+-----+--------+

Top non-repeatable levels by time:
     D:6: 2095 daAuts
     D:7: 2069 daAuts
     D:5: 1579 daAuts
     D:1: 1098 daAuts
     D:8: 1094 daAuts
     D:3: 1070 daAuts
     D:2: 895 daAuts
     D:4: 402 daAuts
 Abyss:1: 30 daAuts
